 Dungeon Crawl Stone Soup version 0.29-a0-207-gf982a884d8 (webtiles) character file.

Game seed: 12658271859478132722

63 riojii the Shooter (level 3, -5/18 HPs)
             Began as a Spriggan Hunter on Feb 24, 2022.
             Killed from afar by Natasha (9 damage)
             ... with a magic dart
             ... on level 2 of the Dungeon.
             The game lasted 00:02:35 (1451 turns).

riojii the Shooter (Spriggan Hunter)                Turns: 1451, Time: 00:02:36

Health: -5/18      AC:  2    Str:  8    XL:     3   Next: 87%
Magic:  4/4        EV: 18    Int: 12    God:
Gold:   107        SH:  0    Dex: 17    Spells: 2/2 levels left

rFire   . . .      SeeInvis +   a - +1 shortbow
rCold   . . .      Faith    .   (shield currently unavailable)
rNeg    . . .      Spirit   .   b - +0 robe
rPois   .          Reflect  .   (helmet restricted)
rElec   .          Harm     .   (no cloak)
rCorr   .          Rampage  .   (gloves unavailable)
Will    .....                   (boots unavailable)
Stlth   ++........              (no amulet)
HPRegen 0.06/turn               (no ring)
MPRegen 0.09/turn               (no ring)

@: very quick
A: very small, no large weapons, unfitting armour, see invisible, speed 3
a: no special abilities


You were on level 2 of the Dungeon.
You visited 1 branch of the dungeon, and saw 2 of its levels.

You collected 107 gold pieces.

Inventory:

Hand Weapons
 a - a +1 shortbow (weapon)
Armour
 b - a +0 robe (worn)
Scrolls
 e - a scroll of blinking {unknown}
 f - a scroll of amnesia
 i - a scroll of enchant armour {unknown}
 j - a scroll of magic mapping
Potions
 c - a potion of heal wounds {unknown}
 d - a potion of lignification {unknown}
 g - a potion of attraction {unknown}
 h - a potion of ambrosia {unknown}


   Skills:
 + Level 2.1 Fighting
 * Level 5.8 Bows
 + Level 3.7 Dodging
 - Level 1.5 Stealth


You had 2 spell levels left.
You didn't know any spells.
Your spell library was empty.

Dungeon Overview and Level Annotations

Branches:
Dungeon (2/15)

Altars:

Annotations:
D:2 Natasha


Innate Abilities, Weirdness & Mutations

You are very small and have problems with some larger weapons.
You are too small for most types of armour.
You have supernaturally acute eyesight. (SInv)
You cover ground extremely quickly. (Speed+++)


Message History

Press: ? - help, Shift-Dir - straight line, f/p - Natasha
Aim: Natasha (heavily wounded, 58% to hit)
You shoot an arrow.
The arrow hits the shadow imp but does no damage.
Shoot: a) +1 shortbow
Press: ? - help, Shift-Dir - straight line, f/p - Natasha
Aim: Natasha (heavily wounded, 58% to hit)
You shoot an arrow.
The arrow hits the shadow imp but does no damage.
Natasha wildly gestures.
Natasha's front paws start to glow.
Natasha mumbles some strange words.
The shadow imp hits you.
Shoot: a) +1 shortbow
Press: ? - help, Shift-Dir - straight line, f/p - Natasha
Aim: Natasha (heavily wounded, 58% to hit)
You shoot an arrow. The arrow barely misses the shadow imp.
The arrow barely misses the crimson imp.
The arrow hits Natasha.
Natasha is almost dead.
The shadow imp misses you.
Shoot: a) +1 shortbow
Press: ? - help, Shift-Dir - straight line, f/p - Natasha
Aim: Natasha (almost dead, 58% to hit)
You shoot an arrow. The arrow hits the shadow imp!
The shadow imp is almost dead.
The shadow imp hits you.
* * * LOW HITPOINT WARNING * * *
The crimson imp blinks!
Shoot: a) +1 shortbow
Press: ? - help, Shift-Dir - straight line, f/p - Natasha
Aim: Natasha (almost dead, 58% to hit)
You shoot an arrow. The arrow hits the shadow imp.
You kill the shadow imp!
The shadow imp disappears in a puff of smoke!
The crimson imp misses you.
Natasha stares at you and mumbles some strange words.
The magic dart hits you!
Ouch! That really hurt!
You die...

#.. #.#............##.##.. ##..
#.#...................
######..###.............)..##...
.........####...........#......#
.........# ##.....#...##..#####
.......|5# ##...######...# #
....<....# #...## ##..# #
.........#######5..###.[..##
.............h§@.#.....##..##
.........######..##.>####....
.........# ###......# #...#
#############....###.##..#
###..)......#....#
##...##.####.##..##
#..####..........#
#.......#####..#.# ####†...#
##.#.###


You could see Natasha and a crimson imp (summoned).

Vanquished Creatures
  An adder (D:2)
  4 dart slugs
  6 bats
  6 endoplasms
  2 giant cockroaches
  5 goblins (D:1)
  4 hobgoblins
  3 jackals (D:1)
  2 kobolds
  A quokka (D:2)
  3 ball pythons
  3 frilled lizards
  A rat (D:1)
41 creatures vanquished.

Notes
Turn   | Place    | Note
-------+----------+-------------------------------------------
     0 | D:1      | riojii the Spriggan Hunter began the quest for the Orb.
     0 | D:1      | Reached XP level 1. HP: 10/10 MP: 2/2
    24 | D:1      | Reached skill level 5 in Bows
    38 | D:1      | Reached XP level 2. HP: 15/15 MP: 3/3
   351 | D:1      | Reached XP level 3. HP: 18/18 MP: 4/4
  1426 | D:2      | Noticed Natasha
  1451 | D:2      | Killed from afar by Natasha

Illustrated notes

Levels and vault maps discovered:
D:1:      erik_arrival_cave_to_civilisation [erik_arrival_cave_to_temple],
          layout_basic, minmay_box_of_dots
D:2:      layout_rooms, amcnicky_mini_corridor_feature, uniq_natasha

Skill      XL: |  1  2 |
---------------+-------+-----
Bows           | 5 |  5.8
Dodging        | 3 |  3.7
Fighting       | 2 |  2.1
Stealth        | |  1.5

Action                   || total
-------------------------++-------
 Fire: Shortbow          ||   105
  Use: Scroll            ||     4
Armor: Robe              ||     4
Dodge: Dodged            ||    33

Table legend: (Time is in decaauts)
 A = Elapsed time spent in this place.
 B = Non-inter-level travel time spent in this place.
 C = Inter-level travel time spent in this place.
 D = Time resting spent in this place.
 E = Time spent auto-exploring this place.
 F = Levels seen in this place.
 G = Mean time per level.
                   A        B        C        D        E       F      G
               +--------+--------+--------+--------+--------+-----+--------+
         Total |   1024 |    991 |     33 |     20 |    762 |   2 |  512.0 |
       Dungeon |   1024 |    991 |     33 |     20 |    762 |   2 |  512.0 |
               +--------+--------+--------+--------+--------+-----+--------+

Top non-repeatable levels by time:
     D:1: 833 daAuts
     D:2: 190 daAuts
